 Dungeon Crawl Stone Soup version 0.16.2-12-gd0ad4c3 (webtiles) character file.

197 Luxac the Poker (level 5, 0/45 HPs)
             Began as a Minotaur Fighter on Oct 3, 2015.
             Incinerated by Kharon's ghost (7 damage)
             ... with a sticky flame
             ... on level 5 of the Dungeon.
             The game lasted 00:09:12 (2129 turns).

Luxac the Poker (Minotaur Fighter)                  Turns: 2129, Time: 00:09:13

Health: 0/45       AC:  9    Str: 22    XL:     5   Next: 46%
Magic:  11/11      EV: 12    Int:  5    God:
Gold:   166        SH:  0    Dex: 14    Spells: 0 memorised, 4 levels left

rFire  . . .     SeeInvis .     a - +0 trident
rCold  . . .     Clarity  .     t - +0 chain mail
rNeg   . . .     SustAb   .     (no shield)
rPois  .         Gourm    .     (helmet restricted)
rElec  .         Spirit   .     (no cloak)
rCorr  .         Warding  .     (no gloves)
rMut   .         Stasis   .     (no boots)
MR     .....                    w - amulet of inaccuracy (curse)
Stlth  ..........               (no ring)
                                j - ring of magical power

@: agile, liquid flames, glowing, not resistant to hostile enchantments,
extremely unstealthy
A: retaliatory headbutt, horns 2
a: no special abilities


You were on level 5 of the Dungeon.
You were not hungry.

You visited 1 branch of the dungeon, and saw 5 of its levels.

You collected 166 gold pieces.

Inventory:

Hand weapons
 a - a +0 trident (weapon)
Armour
 t - a +0 chain mail (worn)
Jewellery
 j - a ring of magical power (left hand)
 o - an uncursed amulet of rage
 v - an uncursed amulet of clarity
 w - a cursed amulet of inaccuracy (around neck)
Scrolls
 g - 2 scrolls of enchant weapon
 m - 2 scrolls of noise
Potions
 c - 4 potions of restore abilities
 h - a potion of brilliance
 n - a potion of ambrosia {unknown}
 p - a potion of haste {unknown}
 r - a potion of heal wounds {unknown}
 u - a potion of flight {unknown}
Books
 f - a book of Enchantments

   Spells                             Type                      Level
   a - Tukima's Dance                 Hexes                        3
   b - Cause Fear                     Hexes                        4
   c - Silence                        Hexes/Air                    5
   d - Deflect Missiles               Charms/Air                   6
   e - Haste                          Charms                       6
   f - Discord                        Hexes                        8
Comestibles
 b - 3 chunks of flesh
 d - 2 bread rations
 l - a slice of pizza
 s - a meat ration


   Skills:
 - Level 3.6 Fighting
 + Level 7.0 Polearms
 - Level 3.6 Armour
   Level 3.6 Shields


You had 4 spell levels left.
You didn't know any spells.

Dungeon Overview and Level Annotations

Branches:
Dungeon (6/15)             Temple (0/1) D:5

Altars:
Vehumet

Annotations:
D:5 Eustachio; Kharon's ghost, experienced DEFE


Innate Abilities, Weirdness & Mutations

You reflexively headbutt those who attack you in melee.
You have a pair of horns on your head.


Message History

The sticky flame hits you!
You are covered in liquid flames!
The quokka bites you but does no damage.
You barely miss Kharon's ghost. You headbutt Kharon's ghost.
Kharon's ghost is lightly damaged.
You are covered in liquid flames!
Your surroundings suddenly seem different.
A bat comes into view.
You are covered in liquid flames!
The bat hits you but does no damage.
You closely miss the bat.
You are covered in liquid flames!
* * * LOW HITPOINT WARNING * * *
The bat closely misses you.
You barely miss the bat. Your headbutt misses the bat.
You are covered in liquid flames!
* * * LOW HITPOINT WARNING * * *
The bat misses you.
You are covered in liquid flames!
You die...

. ##. ..
#########.# #
.......... ...
.........# ###..
........b.#
#.....
........@.####...
.......
..........'......
.......
..........####...
.....#[
.........# #.....
.........# #...$.
..........
..'.....
..........
##....# .......##
#....# ......#
#### #


You could see a bat.

Vanquished Creatures
  A wight (D:5)
  A worker ant (D:5)
  2 hounds (D:2)
  Terence (D:2)
  2 gnolls (D:2)
  A worm (D:3)
  3 giant cockroaches
  5 hobgoblins
  3 jackals (D:2)
  9 bats
  5 giant newts
  6 goblins
  6 kobolds
  5 rats
50 creatures vanquished.

Notes
Turn   | Place    | Note
--------------------------------------------------------------
     0 | D:1      | Luxac, the Minotaur Fighter, began the quest for the Orb.
     0 | D:1      | Reached XP level 1. HP: 19/19 MP: 1/1
    13 | D:1      | Noticed a black bear
    13 | D:1      | Noticed a water moccasin
    13 | D:1      | Noticed a swamp worm
    13 | D:1      | Noticed a six-headed hydra
   166 | D:1      | Reached XP level 2. HP: 26/26 MP: 1/1
   583 | D:2      | Reached skill level 4 in Polearms
   656 | D:2      | Reached XP level 3. HP: 31/31 MP: 2/2
  1048 | D:2      | Reached skill level 5 in Polearms
  1049 | D:2      | Reached XP level 4. HP: 39/39 MP: 2/2
  1119 | D:2      | Noticed Terence
  1129 | D:2      | Killed Terence
  1235 | D:2      | Reached skill level 6 in Polearms
  1667 | D:3      | You fall through a shaft for 3 floors!
  1796 | D:6      | Noticed a sky beast
  1801 | D:5      | Entered Level 5 of the Dungeon
  1801 | D:5      | Found a staircase to the Ecumenical Temple.
  1801 | D:5      | Noticed an orc warrior
  1801 | D:5      | Noticed Eustachio
  1801 | D:5      | Noticed a deep elf fighter
  1801 | D:5      | Noticed a deep elf fighter
  1811 | D:5      | Reached XP level 5. HP: 45/45 MP: 2/2
  1821 | D:5      | Found a radiant altar of Vehumet.
  2049 | D:5      | Reached skill level 7 in Polearms
  2116 | D:5      | Noticed Kharon's ghost (experienced DEFE)
  2129 | D:5      | Incinerated by Kharon's ghost

Action                   |  1- 3 |  4- 6 || total
-------------------------+-------+-------++-------
Melee: Trident           |    78 |    75 ||   153
  Use: Scroll            |       |    13 ||    13
       Potion            |       |     8 ||     8
  Eat: Chunk             |       |     2 ||     2
       Bread ration      |       |     1 ||     1
